 Dungeon Crawl Stone Soup version 0.22-a0-348-gd16d139 (webtiles) character file.

4 Amnesiac the Sneak (level 1, 0/10 HPs)
             Began as a Spriggan Wanderer on Apr 11, 2018.
             Slain by a frilled lizard (2 damage)
             ... on level 1 of the Dungeon.
             The game lasted 00:01:27 (113 turns).

Amnesiac the Sneak (Spriggan Wanderer)               Turns: 113, Time: 00:01:28

Health: 0/10       AC:  2    Str:  9    XL:     1   Next: 58%
Magic:  5/5        EV: 18    Int: 10    God:
Gold:   13         SH:  0    Dex: 17    Spells: 5/5 levels left

rFire    . . .     SeeInvis +   e - +0 dagger
rCold    . . .     Gourm    .   (shield restricted)
rNeg     . . .     Faith    .   d - +0 robe
rPois    .         Spirit   .   (helmet restricted)
rElec    .         Reflect  .   (no cloak)
rCorr    .         Harm     .   (gloves unavailable)
MR       .....                  (boots unavailable)
Stlth    +++.......             (no amulet)
HPRegen  0.03/turn              (no ring)
MPRegen  0.09/turn              (no ring)

@: very quick
A: very small, unfitting armour, see invisible, herbivore, speed 3, slow
metabolism 2
a: no special abilities


You were on level 1 of the Dungeon.
You were not hungry.

You visited 1 branch of the dungeon, and saw 1 of its levels.

You collected 13 gold pieces.

Inventory:

Hand Weapons
 e - a +0 dagger (weapon)
Armour
 d - a +0 robe (worn)
Potions
 a - a potion of heal wounds {!q, unknown}
 c - a potion of curing {!q}
Comestibles
 f - a ration


   Skills:
 - Level 1.0 Fighting
 + Level 0.5 Short Blades
 - Level 3.0 Dodging
 * Level 3.5 Stealth
 - Level 2.6 Spellcasting
   Level 2.4 Hexes
   Level 1.5 Charms


You had 5 spell levels left.
You didn't know any spells.

Dungeon Overview and Level Annotations

Branches:
Dungeon (1/15)

Altars:


Innate Abilities, Weirdness & Mutations

You are very small and have problems with some larger weapons.
You are too small for most types of armour.
You have supernaturally acute eyesight. (SInv)
You are a herbivore.
You cover ground extremely quickly.
You need to consume almost no food.


Message History

Found 14 stones.
a - a viscous cyan potion {!q} A kobold comes into view.
A kobold is nearby!
The kobold shouts!
Found 13 gold pieces.
The kobold throws a stone.
The stone hits you but does no damage.
Found 12 gold pieces.
You see here a stone.
The kobold throws a stone.
The stone completely misses you. The kobold barely misses you.
You hit the kobold but do no damage. The kobold hits you.
Wield which item (- for none, * to show all)? (? for menu, Esc to quit)
Okay, then.
You hit the kobold.
The kobold is moderately wounded.
The kobold closely misses you.
You barely miss the kobold.
The kobold is moderately wounded.
The kobold hits you.
You hit the kobold.
The kobold is severely wounded.
The kobold misses you.
You hit the kobold but do no damage.
The kobold is severely wounded.
The kobold closely misses you.
You completely miss the kobold.
The kobold is severely wounded.
The kobold completely misses you.
You hit the kobold.
You kill the kobold!
No target in view!
You start resting.
HP restored.
Things that are here:
a whip; a dagger You now have 13 gold pieces.
A hobgoblin comes into view.
A hobgoblin is nearby!
A frilled lizard comes into view.
The frilled lizard hisses angrily.
You hit the hobgoblin but do no damage. The hobgoblin barely misses you.
You barely miss the hobgoblin. You hit the hobgoblin but do no damage.
The hobgoblin misses you.
You closely miss the hobgoblin. The hobgoblin barely misses you.
You hit the hobgoblin.
The hobgoblin is heavily wounded.
The hobgoblin hits you.
* * * LOW HITPOINT WARNING * * *
The frilled lizard bites you.
* * * LOW HITPOINT WARNING * * *
You are too injured to fight recklessly!
You swing at nothing.
You barely miss the hobgoblin.
The hobgoblin is heavily wounded.
The hobgoblin barely misses you.
You hit the hobgoblin but do no damage.
The hobgoblin is heavily wounded.
The hobgoblin misses you.
You hit the hobgoblin.
You kill the hobgoblin!
You barely miss the frilled lizard. The frilled lizard misses you.
You barely miss the frilled lizard. The frilled lizard bites you.
You die...

######################### .
#.#....#.................
.##.##...#....#.@l.#.........
.. .#.....#..##...#†.$8....#
.##..##.##.......#.......#
#.#..#..)#..#...#........#
.##...#..##)..#...####...#
#.#..#......#....## ....
#.##......##(....# ..8
##.#..##.........## ..
###.#...#..#..##....# #


You could see a frilled lizard.

Vanquished Creatures
  A bat (D:1)
  A goblin (D:1)
  A hobgoblin (D:1)
  A kobold (D:1)
4 creatures vanquished.

Notes
Turn   | Place    | Note
-------+----------+-------------------------------------------
     0 | D:1      | Amnesiac the Spriggan Wanderer began the quest for the Orb.
     0 | D:1      | Amnesiac set off with: a potion of curing {!q}, a +0 robe, a +0 dagger, a ration
     0 | D:1      | Reached XP level 1. HP: 10/10 MP: 5/5
   113 | D:1      | Slain by a frilled lizard

Vault maps used:
D:1:      erik_arrival_cave_to_civilisation

Action                   || total
-------------------------++-------
Melee: Dagger            ||    21
Dodge: Dodged            ||    17

Table legend:
 A = Spawn XP
 B = Non-spawn XP
 C = Spawn XP percentage of total XP
 D = Spawn monster count
 E = Non-spawn monster count
 F = Spawn count percentage of total count
 G = Total turns spent on level
                    A         B        C        D         E        F      G
               +---------+---------+-------+---------+---------+-------+---------
         Total |       0 |       7 |   0.0 |       0 |       4 |   0.0 |   113
               +---------+---------+-------+---------+---------+-------+---------
           D:1 |       0 |       7 |   0.0 |       0 |       4 |   0.0 |   113
               +---------+---------+-------+---------+---------+-------+---------
